[Event "Early-Titled-Tuesday-Blitz-March-26-2024"]
[Site "Chess.com"]
[Date "2024.03.26"]
[Round "8"]
[White "sorch29"]
[Black "Kotlyar_K"]
[Result "1-0"]
[WhiteElo "2478"]
[BlackElo "2579"]
[TimeControl "180+1"]
[EndTime "9:25:05 PDT"]
[Termination "sorch29 won by checkmate"]

1. d4 Nf6 2. c4 g6 3. Nc3 d5 4.
Nf3 Bg7 5. e3 O-O 6. cxd5 Nxd5 7.
Bc4 Nb6 8. Bb3 c5 9. dxc5 N6d7 10. O-O Nc6 11. Na4 Qa5 12. Bd2 Qb5 13. Rc1 Nde5 14. Nxe5 Nxe5 15. f4 Bg4 16. Qc2 Nd7 17. Bc4 Qc6 18.
b4 Bf5 19. Qb3 e5 20. Bd5 Qc7 21. e4 Bg4 22. f5 Nf6 23. Nc3 Nxd5 24. Nxd5 Qd8 25.
Rf2 Re8 26. h3 Qh4 27. hxg4 Bh6 28. Bxh6 Qxh6 29. Qe3 Qh4 30. fxg6 fxg6 31. Nf6+ Kh8 32. Nxe8 Rxe8 33. Rcf1 Qe7 34. Rf7 Qe6 35. Qh6 Qxg4 36. Qxh7# 1-0

[Event "Early-Titled-Tuesday-Blitz-March-26-2024"]
[Site "Chess.com"]
[Date "2024.03.26"]
[Round "8"]
[White "LikeWater"]
[Black "artin10862"]
[Result "0-1"]
[WhiteElo "2712"]
[BlackElo "2898"]
[TimeControl "180+1"]
[EndTime "9:25:07 PDT"]
[Termination "artin10862 won on time"]

1. e4 e5 2. Nf3 Nc6 3. Nc3 Nf6 4. d4 exd4 5. Nxd4 Nxe4 6. Nxe4 Qe7 7. Bd3 Nxd4 8. O-O Ne6 9. f4 f5 10. Ng5 g6 11. Nxe6 dxe6 12. Bd2 Bg7 13. Bc3 Bxc3 14.
bxc3 Qc5+ 15. Kh1 Qxc3 16. Qe2 O-O 17. Rad1 Kg7 18. Bc4 Qf6 19. Rfe1 Rf7 20. Rd3 Bd7 21. Re3 Re8 22. Re5 Bc6 23. Bxe6 Rfe7 24. Bb3 Kf8 25.
Kg1 Qd6 26. Qe3 Qb4 27. a3 Rxe5 28. fxe5 Qb6 29. Qxb6 axb6 30. a4 Ra8 31. Ra1 Ra5 32. e6 Ke7 33. Kf2 b5 34. g4 bxa4 0-1

[Event "Early-Titled-Tuesday-Blitz-March-26-2024"]
[Site "Chess.com"]
[Date "2024.03.26"]
[Round "8"]
[White "GlavkonVVS"]
[Black "KevinGeorgeMicheal"]
[Result "1-0"]
[WhiteElo "2642"]
[BlackElo "2437"]
[TimeControl "180+1"]
[EndTime "9:25:07 PDT"]
[Termination "GlavkonVVS won by checkmate"]

1. c4 Nf6 2. Nc3 g6 3. Nf3 Bg7 4. d4 O-O 5. Bg5 d6 6. e3 Nbd7 7. h3 c6 8. Be2 Qc7 9. O-O e5 10. Rc1 Re8 11. b4 exd4 12. exd4 Nf8 13. Bd3 Ne6 14. Be3 a5 15. b5 Bd7 16. bxc6 bxc6 17.
d5 Nc5 18. dxc6 Bxc6 19. Nd5 Nxd5 20. cxd5 Bxd5 21. Bb5 Bc6 22. Bc4 Rad8 23. Bd5 Qb7 24. Rb1 Qa8 25. Bxc6 Qxc6 26. Qc2 Qe4 27. Qd2 a4 28.
Rfd1 Ne6 29. Bb6 Rd7 30. Rb4 Qa8 31. Qc2 Rb8 32. Rdb1 Qd5 33. Be3 Rxb4 34. Rxb4 Nc5 35. Rb8+ Bf8 36. Bh6 Ne6 37. Qc8 Rc7 38. Qxf8+ Nxf8 39. Rxf8# 1-0

[Event "Early-Titled-Tuesday-Blitz-March-26-2024"]
[Site "Chess.com"]
[Date "2024.03.26"]
[Round "8"]
[White "BestestBP"]
[Black "emeli_chess"]
[Result "0-1"]
[WhiteElo "2221"]
[BlackElo "2396"]
[TimeControl "180+1"]
[EndTime "9:25:09 PDT"]
[Termination "emeli_chess won by resignation"]

1. c4 e5 2. Nc3 d6 3. Nf3 f5 4. g3 Nf6 5. Bg2 Be7 6. d4 e4 7. Nd2 O-O 8. f3 exf3 9. exf3 c6 10. O-O Na6 11. Re1 Nc7 12. b3 Bd7 13. Bb2 Qe8 14. Re2 Qf7 15. Qf1 Rae8 16. Rae1 Bd8 17. Rxe8 Rxe8 18. Qf2 Rxe1+ 19. Qxe1 Qe7 20. Qxe7 Bxe7 21.
h3 g5 22. Kf2 h6 23. f4 Kg7 24. d5 Kg6 25. dxc6 bxc6 26. Ne2 d5 27. Be5 Nce8 28. Nc3 Ne4+ 29. Ndxe4 dxe4 30. Bd4 a6 31. c5 Nc7 32. b4 Nb5 33. Nxb5 axb5 34. Ke3 Be6 35. a3 Bc4 36. g4 gxf4+ 37. Kxf4 Bg5+ 38. Ke5 Bf6+ 39. Kd6 Bxd4 40. gxf5+ Kxf5 41. Kxc6 e3 42. Bf3 e2 43. Bxe2 Bxe2 44.
Kd5 Bb2 45. c6 Bf3+ 46. Kc5 Ke6 47. Kxb5 Bxa3 48. Kc5 Bxb4+ 49. Kxb4 Bxc6 50. Kc5 Bg2 51. Kd4 Bxh3 52. Ke3 Kf5 53. Kf2 Kg4 54. Kg1 Kg3 55. Kh1 Bd7 56. Kg1 Bc6 57. Kf1 h5 58. Kg1 h4 59.
Kf1 h3 60. Kg1 h2+ 61. Kf1 h1=Q+ 62. Ke2 Qf3+ 63. Kd2 Kf4 64. Kc2 0-1

[Event "Early-Titled-Tuesday-Blitz-March-26-2024"]
[Site "Chess.com"]
[Date "2024.03.26"]
[Round "8"]
[White "Sina_Movahed"]
[Black "suyu28"]
[Result "1-0"]
[WhiteElo "3071"]
[BlackElo "2851"]
[TimeControl "180+1"]
[EndTime "9:25:10 PDT"]
[Termination "Sina_Movahed won on time"]

1. Nf3 Nf6 2. c4 e6 3. g3 d5 4. Bg2 Be7 5. O-O O-O 6. d4 a5 7.
Qc2 Nbd7 8. Rd1 c6 9. Nbd2 a4 10. e4 h6 11. e5 Ne8 12. Nf1 dxc4 13. Qxc4 Nc7 14. Ne3 Nd5 15. Bd2 Ra6 16. Bf1 b5 17. Qc2 Rb6 18. Ba5 Ba6 19. Rac1 Nb8 20. Nxd5 exd5 21.
Qd2 Qc7 22. Bd3 Qa7 23. Bxb6 Qxb6 24. Bb1 Bc8 25. Kg2 Be6 26. h4 h5 27. Ng5 Bc8 28.
Qd3 g6 29. e6 f5 30. Re1 Na6 31. Nf7 c5 32. Ne5 Kg7 33. Nd7 Bxd7 34. exd7 Qd6 35. Qxb5 Nc7 36. Qxc5 Qxc5 37. dxc5 Bf6 38. c6 1-0

[Event "Early-Titled-Tuesday-Blitz-March-26-2024"]
[Site "Chess.com"]
[Date "2024.03.26"]
[Round "8"]
[White "only_strong_moves"]
[Black "Kacparov"]
[Result "0-1"]
[WhiteElo "2706"]
[BlackElo "2897"]
[TimeControl "180+1"]
[EndTime "9:25:10 PDT"]
[Termination "Kacparov won by resignation"]

1. Nc3 e5 2. Nf3 Nc6 3. d4 exd4 4.
Nxd4 Bc5 5. Nf5 Bf8 6. g3 d6 7. Ne3 Be6 8. Bg2 Nf6 9. O-O Qd7 10. Ned5 Be7 11. a3 O-O 12. Nxe7+ Qxe7 13. Bg5 h6 14. Bf4 Rad8 15. e4 Ne5 16. Bc1 Bc4 17. Re1 c6 18. f4 Ng6 19. Be3 Qc7 20. b3 Ba6 21. Qf3 Rfe8 22. Rad1 b6 23. Bd4 Nd7 24. h4 Bc8 25. h5 Ngf8 26. g4 Nh7 27.
Bf2 Ndf6 28. Bh3 b5 29. Kg2 a5 30. Bg3 b4 31. axb4 axb4 32. Nb1 c5 33. Kh2 d5 34. exd5 Rxe1 35. Rxe1 Bb7 36. g5 Nxd5 37. Qg4 Qc6 38. Bg2 Ne3 39. Bxc6 Nxg4+ 40. Kh3 Bxc6 41. Kxg4 f5+ 42.
Kh4 hxg5+ 43. fxg5 Rd4+ 44. Bf4 Rxf4+ 45. Kg3 Rg4+ 46.
Kh3 Nxg5+ 0-1

[Event "Early-Titled-Tuesday-Blitz-March-26-2024"]
[Site "Chess.com"]
[Date "2024.03.26"]
[Round "8"]
[White "C_K_G"]
[Black "Hui_Li_Macau"]
[Result "1-0"]
[WhiteElo "2261"]
[BlackElo "2382"]
[TimeControl "180+1"]
[EndTime "9:25:12 PDT"]
[Termination "C_K_G won on time"]

1. e4 e5 2. Nf3 Nf6 3. Nxe5 d6 4. Nf3 Nxe4 5. Qe2 Qe7 6. d3 Nf6 7. Be3 Nc6 8. Nc3 Be6 9. O-O-O O-O-O 10. d4 d5 11. a3 Qe8 12. Qb5 h6 13. Qa4 Kb8 14. Bb5 Bd6 15. Ne5 Bd7 16. Nxd7+ Qxd7 17. Rd3 a6 18.
Bxa6 bxa6 19. Qxa6 Na7 20. Na4 Ka8 21. Rhd1 Qc8 22.
Qa5 Qd7 23. Rb3 Rb8 24. Rdd3 Rxb3 25. Rxb3 Rb8 26. Nc5 Qc6 27. a4 Rxb3 28. cxb3 Bxc5 29.
dxc5 Ne4 30. f3 Nf6 31. Bd4 Ne8 32. Qe1 Kb7 33. Qa5 1-0

[Event "Early-Titled-Tuesday-Blitz-March-26-2024"]
[Site "Chess.com"]
[Date "2024.03.26"]
[Round "8"]
[White "DinaBelenkaya"]
[Black "Zhani-Z"]
[Result "0-1"]
[WhiteElo "2464"]
[BlackElo "2274"]
[TimeControl "180+1"]
[EndTime "9:25:15 PDT"]
[Termination "Zhani-Z won on time"]

1. g3 d5 2. Bg2 Nf6 3. d3 c6 4. Nd2 e5 5. e4 dxe4 6. Nxe4 Nxe4 7. Bxe4 Nd7 8. Ne2 Nf6 9. Bg2 Bd6 10. O-O O-O 11.
h3 Re8 12. Nc3 h6 13. Re1 Be6 14. a4 a5 15. Be3 Qd7 16. Kh2 Nd5 17. Ne4 Nxe3 18.
fxe3 Be7 19. g4 b5 20. axb5 cxb5 21. Rf1 Rec8 22. c3 a4 23. Qe2 Rd8 24. Rad1 a3 25. bxa3 Rxa3 26. Qf3 b4 27. cxb4 Rxd3 28. Rxd3 Qxd3 29.
Nc5 Bxc5 30. bxc5 Qc2 31. c6 Rd2 32. Kh1 Bd5 33. Qxd5 Rxd5 34. Bxd5 Qd3 35. Bxf7+ Kh7 36. Kg2 Qe4+ 37. Rf3 Qxc6 38. Kg3 e4 39. Rf4 Qd6 40. h4 Qd3 41. Kf2 Qd2+ 42. Kf1 Qxe3 43. Rf5 Qh3+ 0-1

[Event "Early-Titled-Tuesday-Blitz-March-26-2024"]
[Site "Chess.com"]
[Date "2024.03.26"]
[Round "8"]
[White "Tol_Tol"]
[Black "FlemingA"]
[Result "0-1"]
[WhiteElo "2341"]
[BlackElo "2443"]
[TimeControl "180+1"]
[EndTime "9:25:16 PDT"]
[Termination "FlemingA won on time"]

1. d4 d6 2. c4 g6 3. Nc3 Bg7 4. e4 c5 5. Be3 Nc6 6. d5 Nd4 7. Nge2 Nxe2 8. Bxe2 Nf6 9. f3 O-O 10. Qd2 e6 11. O-O exd5 12. cxd5 Re8 13. Bh6 Bh8 14. Bg5 a6 15. a4 Qa5 16. Kh1 Nd7 17. f4 Qb4 18. a5 Qd4 19. f5 Qxd2 20. Bxd2 Ne5 21. fxg6 hxg6 22. Na4 Bg4 23. Bxg4 Nxg4 24. Nb6 Rad8 25.
Rf4 Ne5 26. Bc3 Nd3 27. Rf3 Bxc3 28. bxc3 Ne5 29. Rf6 Ng4 30. Rf4 Rxe4 31. Rxe4 Nf2+ 32. Kg1 Nxe4 33. c4 Nd2 34. Ra2 Nb3 35. Kf2 Re8 36. Nd7 Re7 37. Nb6 Kg7 38. Nc8 Rd7 39. Ra3 Nd4 40. Re3 Kf8 41. h4 Nf5 42. Rh3 Rc7 0-1

[Event "Early-Titled-Tuesday-Blitz-March-26-2024"]
[Site "Chess.com"]
[Date "2024.03.26"]
[Round "8"]
[White "frederiksvane"]
[Black "Polish_fighter3000"]
[Result "0-1"]
[WhiteElo "2986"]
[BlackElo "3120"]
[TimeControl "180+1"]
[EndTime "9:25:17 PDT"]
[Termination "Polish_fighter3000 won by checkmate"]

1. e4 e5 2. Nf3 Nc6 3. Bb5 Nf6 4. O-O d6 5. Re1 Bd7 6. c3 a6 7. Bc4 Be7 8. d4 O-O 9. d5 Nb8 10. Bd3 Bg4 11. h3 Bxf3 12. Qxf3 Nfd7 13. c4 Bg5 14.
Nc3 a5 15. b3 Bxc1 16. Rexc1 Na6 17. a3 g6 18. Rab1 Qg5 19. Qg4 Qxg4 20. hxg4 Kg7 21. g3 Rh8 22. Be2 Nf6 23. g5 Nd7 24. Kg2 h6 25.
gxh6+ Rxh6 26. b4 axb4 27. axb4 Rah8 28. Kf3 f5 29. exf5 gxf5 30. c5 dxc5 31. Bxa6 Rxa6 32. bxc5 Nxc5 33. Nb5 b6 34. Nxc7 Ra3+ 35. Kg2 Nd3 36. Ne6+ Kf6 37. Rc6 e4 38. Nf4+ Ke5 39. Ng6+ Kxd5 40.
Rbxb6 Ne1+ 41. Kf1 Rh1+ 42. Ke2 Ra2+ 43. Ke3 Ng2# 0-1

[Event "Early-Titled-Tuesday-Blitz-March-26-2024"]
[Site "Chess.com"]
[Date "2024.03.26"]
[Round "8"]
[White "Grischuk"]
[Black "Hikaru"]
[Result "1/2-1/2"]
[WhiteElo "3071"]
[BlackElo "3261"]
[TimeControl "180+1"]
[EndTime "9:25:19 PDT"]
[Termination "Game drawn by repetition"]

1. d4 Nf6 2. c4 e6 3. Bg5 Bb4+ 4. Nd2 d5 5. e3 O-O 6. Nf3 h6 7. Bh4 Be7 8. Rc1 Nbd7 9. Be2 c5 10. O-O b6 11.
cxd5 Nxd5 12. Bxe7 Nxe7 13. Ne4 Bb7 14. Nd6 Bc6 15.
dxc5 bxc5 16. Qc2 Qc7 17. Nc4 Rab8 18. Rfd1 Rfd8 19. Qc3 Bd5 20. h3 Nc6 21. b3 a5 22. Nfd2 Qa7 23. Nb2 Nb4 24. Ra1 Nf6 25. Na4 Rdc8 26. Rdc1 Nd7 27. Nc4 Bxc4 28. Bxc4 Nb6 29.
Nxb6 Qxb6 30. Rd1 Rd8 31. a3 Nc6 32. Rac1 Ne7 33. Rxd8+ Rxd8 34. Bf1 Rc8 35. Qc4 Nf5 36. Qc3 Nd6 37. Bd3 Qa7 38. Qc2 Qb6 39. Qc3 Qa7 40.
Qe5 Qb6 41. Qc3 1/2-1/2

[Event "Early-Titled-Tuesday-Blitz-March-26-2024"]
[Site "Chess.com"]
[Date "2024.03.26"]
[Round "8"]
[White "JimDiGrease"]
[Black "wqws"]
[Result "1-0"]
[WhiteElo "2946"]
[BlackElo "2732"]
[TimeControl "180+1"]
[EndTime "9:25:19 PDT"]
[Termination "JimDiGrease won by resignation"]

1. d4 Nf6 2. c4 g6 3. Nc3 Bg7 4.
e4 d6 5. Nf3 O-O 6. Be2 e5 7. O-O Nc6 8. Be3 Ng4 9. Bg5 f6 10. Bc1 f5 11. Bg5 Bf6 12. Bxf6 Qxf6 13. d5 Ne7 14. exf5 gxf5 15. Ne1 Kh8 16. Bxg4 fxg4 17.
Nd3 Bf5 18. Qe2 Ng6 19. f3 g3 20. hxg3 Qg5 21. g4 Bxd3 22. Qxd3 h5 23. Ne4 Qe7 24. g3 h4 25. Qe3 hxg3 26. Qh6+ Qh7 27. Qxh7+ Kxh7 28. Kg2 Nf4+ 29. Kxg3 Kg6 30. Rh1 Ne2+ 31. Kf2 Nd4 32. Rh3 Rf4 33. Rah1 Raf8 34. Rh6+ Kf7 35. Ng5+ Ke8 36. Rh8 Nxf3 37. Rxf8+ Rxf8 38. Nxf3 e4 39. Rh3 exf3 40. Rxf3 Rh8 41. Kg3 Rh1 42. g5 Rg1+ 43. Kh4 Rg2 44. b3 Rxa2 45. g6 Rg2 46. Kh5 Ke7 47. Kh6 Rh2+ 48. Kg7 c6 49. Rf7+ Ke8 50. Rxb7 cxd5 51. cxd5 Rd2 52. Kf6 Rxd5 53. g7 1-0

[Event "Early-Titled-Tuesday-Blitz-March-26-2024"]
[Site "Chess.com"]
[Date "2024.03.26"]
[Round "8"]
[White "JoliyRoger"]
[Black "Predator0608"]
[Result "0-1"]
[WhiteElo "2419"]
[BlackElo "2543"]
[TimeControl "180+1"]
[EndTime "9:25:19 PDT"]
[Termination "Predator0608 won on time"]

1. d4 Nf6 2. c4 e6 3. Nc3 d5 4. Bg5 Be7 5. e3 h6 6. Nf3 hxg5 7. Nxg5 Nbd7 8. h4 b6 9. Qc2 Bb7 10. O-O-O c6 11. Kb1 a5 12. Be2 Qc7 13. Bf3 Ng8 14. cxd5 cxd5 15. Qb3 Ba6 16. Rc1 Qd6 17. e4 Bxg5 18. hxg5 Rxh1 19. Rxh1 Bd3+ 20. Ka1 dxe4 21. Nxe4 Bxe4 22. Bxe4 Rc8 23. a3 Ke7 24. g6 f5 25.
Bb7 Rc7 26. Ba6 Nh6 27. Re1 Nf8 28. Qh3 Nxg6 29. Qh5 Kf6 30. f3 Qxd4 31. g4 Rc2 32. Rb1 Qf4 33. Bd3 Rd2 34. gxf5 Nxf5 35. Be4 Nge7 36. Qh8 Kf7 37. Rg1 Qe5 38. Rb1 Nd6 39. Qh5+ Qxh5 0-1

[Event "Early-Titled-Tuesday-Blitz-March-26-2024"]
[Site "Chess.com"]
[Date "2024.03.26"]
[Round "8"]
[White "orkinyo12345"]
[Black "Dewarfd"]
[Result "1-0"]
[WhiteElo "2523"]
[BlackElo "2150"]
[TimeControl "180+1"]
[EndTime "9:25:19 PDT"]
[Termination "orkinyo12345 won on time"]

1. d4 Nf6 2. Nf3 g6 3. g3 Bg7 4. Bg2 O-O 5. O-O d5 6. c4 dxc4 7. a4 c5 8. Na3 c3 9. bxc3 cxd4 10. Nxd4 a6 11. Rb1 Qc7 12. Qb3 Nc6 13. Nxc6 bxc6 14. Bf4 e5 15. Bg5 Bf5 16. Qb6 Qe7 17. Rb3 h6 18.
Bxf6 Bxf6 19. Qxc6 Be6 20. c4 Rac8 21. Qxa6 Rfd8 22. Bd5 Rd6 23. Qb5 Rcd8 24. Rd1 Qd7 25. Qxd7 R6xd7 26. Rbd3 Bxd5 27. Rxd5 Rxd5 28. Rxd5 Ra8 29.
a5 Be7 30. Nc2 f6 31. e4 Kf7 32. Rb5 Ke6 33. Ne3 f5 34. f3 Rd8 35. Nd5 Bd6 36.
a6 Ra8 37. Rb6 Kd7 38. Kf1 Bc5 39. Rxg6 Bd6 40. Nb6+ 1-0

[Event "Early-Titled-Tuesday-Blitz-March-26-2024"]
[Site "Chess.com"]
[Date "2024.03.26"]
[Round "8"]
[White "Onischuk_V"]
[Black "Oleksandr_Bortnyk"]
[Result "0-1"]
[WhiteElo "2817"]
[BlackElo "3070"]
[TimeControl "180+1"]
[EndTime "9:25:20 PDT"]
[Termination "Oleksandr_Bortnyk won on time"]

1. e4 Nf6 2. Nc3 d5 3. exd5 Nxd5 4. Nge2 g6 5. Nxd5 Qxd5 6. Nc3 Qa5 7. g3 Bg7 8. Bg2 O-O 9. O-O c6 10. Re1 Be6 11. d3 Nd7 12. Ne4 Bd5 13. c3 Rad8 14. Qe2 Ne5 15. Bg5 Bxe4 16. dxe4 Nf3+ 17. Bxf3 Qxg5 18.
Red1 h5 19. Bg2 h4 20. f4 Qc5+ 21. Qf2 Qb5 22. a3 e6 23. e5 a5 24. Bf1 Qb3 25. Rd2 Rxd2 26. Qxd2 hxg3 27. hxg3 Qb6+ 28. Qf2 Qb3 29.
Qd2 Ra8 30. Rd1 Bf8 31. Be2 Be7 32. Kg2 Kg7 33. Qc1 Rd8 34. Rxd8 Bxd8 35. Qd2 Bb6 36. Bd1 Qc4 37. b4 Qe4+ 38. Bf3 Qb1 39. Bd1 a4 40. Kh2 Qa1 41. g4 Qb1 42. Qc2 Qa1 43. f5 Bc7 44. Kg2 Bxe5 45. fxe6 fxe6 0-1

[Event "Early-Titled-Tuesday-Blitz-March-26-2024"]
[Site "Chess.com"]
[Date "2024.03.26"]
[Round "8"]
[White "js20000"]
[Black "wonderfultime"]
[Result "0-1"]
[WhiteElo "2811"]
[BlackElo "2996"]
[TimeControl "180+1"]
[EndTime "9:25:20 PDT"]
[Termination "wonderfultime won by checkmate"]

1. Nf3 d5 2. g3 Nd7 3. d4 Nb6 4. Nc3 Bf5 5. Bg2 e6 6. Nh4 Bg4 7. O-O Be7 8. Nf3 Nf6 9. h3 Bh5 10. g4 Bg6 11. Ne5 O-O 12. h4 h6 13. Nxg6 fxg6 14.
g5 hxg5 15. hxg5 Ne8 16. f4 Nd6 17. e4 dxe4 18. Nxe4 Nf5 19. c3 c6 20. Re1 Kf7 21. Qe2 Qd7 22. b3 Rh8 23. Nc5 Bxc5 24. dxc5 Nd5 25. c4 Nc7 26. Bb2 Qe7 27. Qe5 Na6 28. Ba3 Rad8 29. Be4 Rh4 30. b4 Rg4+ 31. Kf2 Rd2+ 32. Re2 Qd7 33. Re1 Ng3 34. Bb2 Nxe4+ 35. Qxe4 Nxb4 36. Kf3 Rxe2 37. Rxe2 Rh4 38. Qe5 Qd3+ 39.
Re3 Qf1+ 40. Ke4 Qb1+ 41. Kf3 Qh1+ 42. Kg3 Rh3+ 43. Kf2 Rh2+ 44. Kg3 Qg2# 0-1

[Event "Early-Titled-Tuesday-Blitz-March-26-2024"]
[Site "Chess.com"]
[Date "2024.03.26"]
[Round "8"]
[White "artooon"]
[Black "Yaacovn"]
[Result "0-1"]
[WhiteElo "3015"]
[BlackElo "2920"]
[TimeControl "180+1"]
[EndTime "9:25:21 PDT"]
[Termination "Yaacovn won by checkmate"]

1. e4 c6 2. d4 d5 3. e5 Bf5 4. g4 Bd7 5. Nc3 e6 6. h4 c5 7. Nf3 Nc6 8. Be3 Qb6 9. Na4 Qa5+ 10. Nc3 cxd4 11. Nxd4 Bb4 12. Nxc6 Bxc6 13. Bd4 h5 14.
Rg1 hxg4 15. a3 Bc5 16. b4 Bxd4 17. Qxd4 Qb6 18. Qxg4 Nh6 19. Qf4 Nf5 20. Rg4 O-O-O 21. Bd3 g6 22. Ne2 Bb5 23. Kd2 Kb8 24. Nd4 Bxd3 25.
cxd3 Rh5 26. Nf3 Rc8 27. Rg2 Qc7 28. Rd1 Qc2+ 29. Ke1 Qc3+ 30. Qd2 Qxa3 31. Rg4 Qb3 32. Rf4 Rc2 33. Nd4 Nxd4 34. Qe3 Re2+ 35. Qxe2 Nxe2 36. Rxf7 Nd4 37. Rc1 a6 38. Rcc7 Qxb4+ 39. Kf1 Rxh4 40. Kg2 Rh5 41. f4 Rh4 42. Kg3 Qe1+ 43. Kg2 Qh1+ 44.
Kf2 Rh2+ 45. Ke3 Nc2+ 46. Rxc2 Rxc2 47. Rh7 Qe1+ 48. Kf3 Rf2+ 49. Kg4 Qg1+ 50. Kh3 Rh2# 0-1

[Event "Early-Titled-Tuesday-Blitz-March-26-2024"]
[Site "Chess.com"]
[Date "2024.03.26"]
[Round "8"]
[White "Oligan22"]
[Black "RobertDowneyJr0111"]
[Result "0-1"]
[WhiteElo "2468"]
[BlackElo "2647"]
[TimeControl "180+1"]
[EndTime "9:25:21 PDT"]
[Termination "RobertDowneyJr0111 won on time"]

1. d4 d5 2. Bf4 Nf6 3. e3 c5 4. Nd2 Nc6 5. Ngf3 Qb6 6. dxc5 Qxb2 7. Rb1 Qc3 8. Bb5 g6 9. O-O Bg7 10. Be5 Qxc5 11. c4 O-O 12. Nb3 Qb6 13. Bb2 dxc4 14.
Bxc4 Rd8 15. Qe2 Bf5 16. Rbd1 a6 17. h3 Rac8 18. Ng5 Rxd1 19. Rxd1 Rf8 20. e4 Bc8 21. e5 Ne8 22. Qe4 Nc7 23. Qh4 h6 24. Nxf7 Rxf7 25. Bxf7+ Kxf7 26. Qf4+ Kg8 27. Qe4 Bf5 28. Qc4+ Be6 29.
Qe4 Kh7 30. Rd3 Bf5 31. Qe3 Qxe3 32. Rxe3 Nd5 33. Re1 Ndb4 34. Nc5 Nd3 35. Nxd3 Bxd3 36. Rd1 Bf5 37. Rd2 Be6 38. f4 g5 39. Ba3 gxf4 40.
Rf2 Bxe5 41. Re2 Bc4 42. Re4 b5 0-1

[Event "Early-Titled-Tuesday-Blitz-March-26-2024"]
[Site "Chess.com"]
[Date "2024.03.26"]
[Round "8"]
[White "Stanbad1"]
[Black "superchess02"]
[Result "0-1"]
[WhiteElo "2654"]
[BlackElo "2858"]
[TimeControl "180+1"]
[EndTime "9:25:22 PDT"]
[Termination "superchess02 won by checkmate"]

1. d4 Nf6 2. Nc3 e6 3. e4 d5 4. Bg5 dxe4 5. Nxe4 Be7 6. Bxf6 Bxf6 7. Nf3 Bd7 8. c3 Bc6 9. Bd3 Nd7 10. Qe2 Bxe4 11. Qxe4 c6 12. O-O-O Qb6 13. Kb1 O-O-O 14. Rhe1 h6 15. g4 Qc7 16. h4 g5 17. h5 Nb6 18.
Bc2 Nd5 19. Bb3 Nf4 20. c4 Kb8 21. d5 cxd5 22. cxd5 exd5 23. Bxd5 Qb6 24. Ne5 Rhe8 25. Nd7+ Rxd7 26. Qxe8+ Rd8 27. Bb3 Rxe8 28. Rxe8+ Kc7 29. Rf8 a5 30. Rc1+ Kd6 31. Rd1+ Ke5 32. Re1+ Kd4 33. Rxf7 a4 34. Rd7+ Kc5 35. Rc1+ Kb5 36. Bc4+ Ka5 37. b3 Qxf2 38. b4+ Kxb4 39. Rxb7+ Ka3 40. Bb5 Qb2# 0-1

[Event "Early-Titled-Tuesday-Blitz-March-26-2024"]
[Site "Chess.com"]
[Date "2024.03.26"]
[Round "8"]
[White "Kotofeyca"]
[Black "ZenBull"]
[Result "1-0"]
[WhiteElo "2497"]
[BlackElo "2312"]
[TimeControl "180+1"]
[EndTime "9:25:23 PDT"]
[Termination "Kotofeyca won by resignation"]

1. d4 d5 2. c4 e6 3. Nc3 Nf6 4. cxd5 Nxd5 5. g3 Be7 6. Bg2 Nxc3 7. bxc3 O-O 8. Nf3 Nd7 9. O-O Rb8 10. Bf4 Bd6 11. Bd2 b6 12. Ng5 Bb7 13. Qc2 g6 14. e4 c5 15. e5 Be7 16. Ne4 cxd4 17.
cxd4 Bxe4 18. Qxe4 b5 19. d5 exd5 20. Qxd5 Nc5 21.
Qxd8 Rfxd8 22. Ba5 Rdc8 23. Rfd1 Bd8 24. Bb4 Bb6 25. Rd5 a5 26. Bd2 b4 27. Be3 Ne6 28. Bxb6 Rxb6 29. Rxa5 Rc2 30. Bd5 Re2 31. Bc4 Rc2 32. Bb3 Rb2 33. Rd1 Kg7 34. Rd7 Rb1+ 35.
Kg2 Rc1 36. Raa7 Kh6 37. Rxf7 Ng5 38. Rfe7 Kh5 39. h4 Ne4 40. Rxh7+ Kg4 41. f3+ Kf5 42.
fxe4+ Kxe4 43. Rhf7 Rbc6 44. e6 Rb1 45. e7 Rc8 46.
Rf8 Rb2+ 47. Kh3 1-0

[Event "Early-Titled-Tuesday-Blitz-March-26-2024"]
[Site "Chess.com"]
[Date "2024.03.26"]
[Round "8"]
[White "KuzubovYuriy"]
[Black "Josetricks"]
[Result "1-0"]
[WhiteElo "2928"]
[BlackElo "2723"]
[TimeControl "180+1"]
[EndTime "9:25:24 PDT"]
[Termination "KuzubovYuriy won by resignation"]

1. d4 g6 2. c4 Bg7 3. Nc3 d6 4.
e4 Nd7 5. Nge2 e5 6. d5 a5 7. h4 h5 8. Bg5 f6 9. Bd2 Bh6 10. Ng3 Nc5 11. Be2 Bd7 12. b3 Qe7 13. Rb1 Bf4 14. Qc1 Bxd2+ 15. Qxd2 Nh6 16. Bd1 f5 17. Bc2 f4 18. Nf1 f3 19. gxf3 O-O-O 20. a3 Rdf8 21. b4 Na6 22. Bd1 Rf4 23. Be2 Rhf8 24. Qe3 Kb8 25. Nd2 Bc8 26. c5 Rxh4 27.
Rxh4 Qxh4 28. Qxh6 Qh1+ 29. Bf1 Rf4 30. cxd6 cxd6 31. Qxg6 Bh3 32. Qxd6+ Nc7 33. Qd8+ Ka7 34. Qxc7 Bxf1 35. Nxf1 Qxf3 36. Qc5+ Kb8 37. Qe3 Qg4 38. bxa5 Rf3 39. Qb6 Qd7 40. a6 Rxc3 41. Qxb7+ Qxb7 42. Rxb7+ Ka8 43. Rh7 Rc1+ 44. Ke2 Rc2+ 45. Nd2 Ra2 46.
d6 1-0

[Event "Early-Titled-Tuesday-Blitz-March-26-2024"]
[Site "Chess.com"]
[Date "2024.03.26"]
[Round "8"]
[White "Boudicca64"]
[Black "Attacker_2006"]
[Result "0-1"]
[WhiteElo "1817"]
[BlackElo "2409"]
[TimeControl "180+1"]
[EndTime "9:25:24 PDT"]
[Termination "Attacker_2006 won on time"]

1. e4 Nf6 2. e5 Ng8 3. d4 d6 4. f4 g6 5. Nf3 Bg7 6. Bc4 d5 7. Bd3 h5 8. O-O Nh6 9. c4 c6 10. cxd5 cxd5 11. Kh1 Nc6 12. Be3 Bf5 13.
Nc3 Bxd3 14. Qxd3 Nf5 15. Bf2 e6 16. Rac1 h4 17. Na4 Rc8 18. Nc5 Qe7 19. Qb5 O-O 20.
Qxb7 Qxb7 21. Nxb7 Nb4 22. Nc5 Nxa2 23. Ra1 Nb4 24.
Rxa7 Bh6 25. g3 hxg3 26. hxg3 Nc6 27. Ra6 Rfd8 28. Rfa1 Bf8 29. Nd3 Nh6 30. b4 Ng4 31.
b5 Nxf2+ 32. Nxf2 Nb4 33. Ra7 Rc2 34. Kg1 Rb2 35. b6 Rb8 36. b7 Nc6 0-1

[Event "Early-Titled-Tuesday-Blitz-March-26-2024"]
[Site "Chess.com"]
[Date "2024.03.26"]
[Round "8"]
[White "Dixit_Nikhil"]
[Black "KarstenHansch"]
[Result "1-0"]
[WhiteElo "2650"]
[BlackElo "2500"]
[TimeControl "180+1"]
[EndTime "9:25:25 PDT"]
[Termination "Dixit_Nikhil won by resignation"]

1. e4 c5 2. Nf3 e6 3. d4 cxd4 4.
Nxd4 Nc6 5. Nb3 Nf6 6. Bd3 Be7 7. O-O O-O 8. f4 d6 9. Nc3 a6 10. Qe1 b5 11. Be3 Qc7 12. Qg3 Bb7 13. Rae1 Rad8 14.
f5 Ne5 15. Nd4 Bc8 16. Nce2 Nfg4 17. Nf4 Nxe3 18. Rxe3 Bf6 19. Nh5 Qe7 20. Nxg7 Kh8 21. Nh5 Rg8 22. Qh3 Bg5 23. Rg3 Qa7 24. c3 Nxd3 25.
Rxd3 e5 26. Kh1 exd4 27. cxd4 Bb7 28. d5 Bc8 29. Rg3 Qe7 30. Rg4 Bf6 31. Nxf6 Qxf6 32. Rxg8+ Rxg8 33. b3 Qe5 34. Qf3 f6 35. g3 Re8 36.
Rc1 Qb2 37. Rc7 Qb1+ 38. Kg2 Qxa2+ 39. Kh3 Qa5 40. Rf7 Qd2 41. Qh5 h6 42. Qg6 1-0

[Event "Early-Titled-Tuesday-Blitz-March-26-2024"]
[Site "Chess.com"]
[Date "2024.03.26"]
[Round "8"]
[White "Irina_Mikhaylova"]
[Black "Matrix3x3a"]
[Result "0-1"]
[WhiteElo "2355"]
[BlackElo "2625"]
[TimeControl "180+1"]
[EndTime "9:25:25 PDT"]
[Termination "Matrix3x3a won by resignation"]

1. d4 Nf6 2. Nf3 e6 3. c4 b6 4.
a3 Bb7 5. Nc3 Ne4 6. Nxe4 Bxe4 7. Nd2 Bb7 8. e4 d6 9. Bd3 Nd7 10. O-O c5 11. d5 Be7 12. Nf3 O-O 13. Rb1 Bf6 14. b4 exd5 15. exd5 Re8 16. Bb2 g6 17. Re1 Rxe1+ 18. Qxe1 Bxb2 19. Rxb2 Bc8 20. Re2 Nf6 21.
h3 Bd7 22. Ng5 h6 23. Ne4 Nxe4 24. Rxe4 Kf8 25. Qe3 Qg5 26. f4 Qf6 27. g4 a5 28.
b5 h5 29. f5 gxf5 30. Rf4 hxg4 31. hxg4 Re8 32. Qf2 Qa1+ 33. Kg2 Qg7 34. Bxf5 Bxf5 35. Rxf5 Qxg4+ 36. Kh2 Qg6 37. Qf3 Re1 38. Qf2 Re4 39.
Rf4 Rxf4 40. Qxf4 Kg7 41. Kh3 Qh6+ 42. Qxh6+ Kxh6 43. Kg4 Kg6 44. Kf4 Kf6 45. Ke4 Kg5 0-1